 Dungeon Crawl Stone Soup version 0.29-a0-22-gbf593b16ee (webtiles) character file.

Game seed: 18163294418714678054

22 Ajdolov the Poker (level 2, 0/20 HPs)
             Began as a Gnoll Wanderer on Jan 29, 2022.
             Slain by an adder (4 damage)
             ... on level 1 of the Dungeon.
             The game lasted 00:01:39 (830 turns).

Ajdolov the Poker (Gnoll Wanderer)                   Turns: 830, Time: 00:01:40

Health: 0/20       AC:  4    Str:  8    XL:     2   Next: 91%
Magic:  2/2        EV: 13    Int:  9    God:
Gold:   56         SH:  0    Dex: 16    Spells: 2/2 levels left

rFire   . . .      SeeInvis .   b - +0 spear
rCold   . . .      Faith    .   (no shield)
rNeg    . . .      Spirit   .   f - +0 leather armour
rPois   .          Reflect  .   (no helmet)
rElec   .          Harm     .   (no cloak)
rCorr   .          Rampage  .   c - +0 pair of gloves
Will    .....                   (no boots)
Stlth   +.........              (no amulet)
HPRegen 0.06/turn               (no ring)
MPRegen 0.08/turn               (no ring)

@: lethally poisoned (0 -> -3)
A: fangs 1, strong nose, distributed training
a: no special abilities


You were on level 1 of the Dungeon.
You visited 1 branch of the dungeon, and saw 2 of its levels.

You collected 56 gold pieces.

Inventory:

Hand Weapons
 a - a +0 rapier
 b - a +0 spear (weapon)
Armour
 c - a +0 pair of gloves (worn)
 f - a +0 leather armour (worn)
Magical Staves
 j - a staff of air
Jewellery
 g - an amulet of regeneration
 h - a ring of ice
Scrolls
 d - a scroll of identify {unknown}
 e - a scroll of teleportation {unknown}
 i - a scroll of summoning {unknown}


   Skills:
 + Level 0.5 Fighting
 + Level 4.5 Short Blades
 + Level 0.5 Long Blades
 + Level 0.5 Axes
 + Level 0.5 Maces & Flails
 + Level 6.5 Polearms
 + Level 0.5 Staves
 + Level 0.5 Slings
 + Level 0.5 Bows
 + Level 0.5 Crossbows
 + Level 2.5 Throwing
 + Level 4.5 Armour
 + Level 4.5 Dodging
 + Level 0.5 Stealth
 + Level 0.5 Shields
 + Level 0.5 Unarmed Combat
 + Level 0.5 Spellcasting
 + Level 0.4 Conjurations
 + Level 0.4 Hexes
 + Level 0.4 Summonings
 + Level 0.4 Necromancy
 + Level 0.4 Translocations
 + Level 0.4 Transmutations
 + Level 0.4 Fire Magic
 + Level 0.4 Ice Magic
 + Level 0.4 Air Magic
 + Level 0.4 Earth Magic
 + Level 0.4 Poison Magic
 + Level 0.7 Invocations
 + Level 0.5 Evocations


You had 2 spell levels left.
You didn't know any spells.
Your spell library was empty.

Dungeon Overview and Level Annotations

Branches:
Dungeon (2/15)

Altars:


Innate Abilities, Weirdness & Mutations

You have very sharp teeth.
Your uncanny sense of smell can sniff out nearby items.
Your experience applies equally to all skills.


Message History

You see here a rat corpse.
Unknown command.
The adder misses you. The goblin hits you but does no damage.
You climb upwards.
There is a stone staircase leading down here.
The adder closely misses you.
You hit the adder.
The adder is lightly wounded.
The adder closely misses you.
You hit the adder but do no damage. Your punch misses the adder.
The adder is lightly wounded.
The adder bites you.
You hit the adder but do no damage.
The adder is lightly wounded.
The adder barely misses you.
You hit the adder.
The adder is moderately wounded.
The adder bites you but does no damage.
You hit the adder but do no damage. Your bite misses the adder.
The adder is moderately wounded.
The adder bites you.
You are poisoned.
The adder poisons you!
You closely miss the adder.
The adder is moderately wounded.
You feel sick. The adder bites you but does no damage.
You hit the adder. Your bite misses the adder.
The adder is severely wounded.
* * * LOW HITPOINT WARNING * * *
You feel sick. The adder closely misses you.
You hit the adder but do no damage.
The adder is severely wounded.
* * * LOW HITPOINT WARNING * * *
You feel sick. The adder misses you.
You aren't carrying any potions.
You hit the adder but do no damage.
The adder is severely wounded.
* * * LOW HITPOINT WARNING * * *
You feel sick. The adder bites you.
You die...

#####.###.....# ##.....#
#.##### .......###.#
.........#.########
......##.#......#.#
......##.##.....#.#
#####.##.##.#.....#
#####.##.##.#.###.#
......##.##...gS@.#
......♣♣♣♣♣##.#####
)....♣♣♣♣♣♣♣♣.####
..##P♣≈P♣≈≈≈≈≈...#
###≈♣≈≈≈≈≈P≈≈P♣..#####
♣♣♣≈PP≈P≈≈.≈....#...#
#♣≈P≈≈≈..........#.#.#######
.................#.#.......#
..(....≈...≈≈≈P≈♣≈♣#######.#


You could see an adder and a goblin.

Vanquished Creatures
  2 dart slugs
  2 endoplasms (D:1)
  A giant cockroach (D:1)
  A hobgoblin (D:1)
  A kobold (D:1)
  A quokka (D:1)
  3 ball pythons (D:1)
  2 bats (D:1)
  A frilled lizard (D:1)
  4 rats
18 creatures vanquished.

Notes
Turn   | Place    | Note
-------+----------+-------------------------------------------
     0 | D:1      | Ajdolov the Gnoll Wanderer began the quest for the Orb.
     0 | D:1      | Ajdolov set off with the following items: a +0 rapier, a +0
                  | spear, a +0 pair of gloves, a +0 robe
     0 | D:1      | Reached XP level 1. HP: 13/13 MP: 1/1
   272 | D:1      | Reached XP level 2. HP: 19/19 MP: 2/2
   830 | D:1      | Slain by an adder

Illustrated notes

Levels and vault maps discovered:
D:1:      shiori_arrival_elements, layout_basic, kennysheep_another_room,
          serial_bayou_ford_a, minmay_misc_feat_rows
D:2:      layout_rooms, shapermc_ecumenical_altar_mp_urbaneastern, uniq_natasha

Action                   || total
-------------------------++-------
Melee: Spear             ||    73
       Punch             ||     3
       Bite              ||     2
 Stab: Sleeping          ||     1
Armor: Leather armour    ||    14
       Robe              ||     1
Dodge: Dodged            ||    28

Table legend: (Time is in decaauts)
 A = Elapsed time spent in this place.
 B = Non-inter-level travel time spent in this place.
 C = Inter-level travel time spent in this place.
 D = Time resting spent in this place.
 E = Time spent auto-exploring this place.
 F = Levels seen in this place.
 G = Mean time per level.
                   A        B        C        D        E       F      G
               +--------+--------+--------+--------+--------+-----+--------+
         Total |    819 |    808 |     11 |     93 |    553 |   2 |  409.5 |
       Dungeon |    819 |    808 |     11 |     93 |    553 |   2 |  409.5 |
               +--------+--------+--------+--------+--------+-----+--------+

Top non-repeatable levels by time:
     D:1: 753 daAuts
     D:2: 65 daAuts
